 Dungeon Crawl Stone Soup version 0.25-a0-942-g87a53962fc (webtiles) character file.

Game seed: 17742203624887944058, levelgen mode: deterministic

704 MisterFreud the Slasher (level 7, 0/48 HPs)
             Began as an Octopode Gladiator on May 7, 2020.
             Slain by an orc
             ... wielding a +0 mace of draining
              (3 damage)
             ... on level 5 of the Dungeon.
             The game lasted 00:05:03 (5309 turns).

MisterFreud the Slasher (Octopode Gladiator)        Turns: 5309, Time: 00:05:03

Health: 0/48       AC:  1    Str: 14    XL:     7   Next: 66%
Magic:  7/7        EV: 14    Int: 12    God:
Gold:   258        SH:  0    Dex: 13    Spells: 6/6 levels left

rFire    . . .     SeeInvis .   a - +0 long sword
rCold    . . .     Gourm    .   (no shield)
rNeg     . . .     Faith    .   b - +0 hat
rPois    .         Spirit   .   (no amulet)
rElec    .         Reflect  .   (no ring)
rCorr    .         Harm     .   (no ring)
MR       .....                  (no ring)
Stlth    ++........             (no ring)
HPRegen  0.16/turn              (no ring)
MPRegen  0.10/turn              (no ring)
                                (no ring)
                                (no ring)

@: drained
A: almost no armour, stealthy swim, amphibious, 8 rings, constrict 8, camouflage
1, gelatinous body 1
a: no special abilities


You were on level 5 of the Dungeon.
You were not hungry.

You visited 1 branch of the dungeon, and saw 5 of its levels.

You collected 258 gold pieces.

Inventory:

Hand Weapons
 a - a +0 long sword (weapon)
Missiles
 c - 3 throwing nets (quivered)
 g - 54 sling bullets
 j - 223 stones
 k - 138 arrows
 t - 3 boomerangs
 u - 15 poisoned darts
Armour
 b - a +0 hat (worn)
Wands
 r - a wand of random effects (7)
 v - a wand of iceblast (8)
Scrolls
 f - 3 scrolls of identify {unknown}
 i - 2 scrolls of teleportation {unknown}
 l - 6 scrolls of amnesia {unknown}
 m - 5 scrolls of remove curse
Potions
 e - a potion of heal wounds {unknown}
 h - a potion of magic {unknown}
 n - a potion of ambrosia {unknown}
 o - a potion of berserk rage {unknown}
 p - 2 potions of brilliance {unknown}
 q - a potion of stabbing {unknown}
 s - 2 potions of haste {unknown}
Comestibles
 d - 7 rations
 w - 4 chunks of flesh


   Skills:
 - Level 4.0(3.2) Fighting
 + Level 7.8(7.0) Long Blades
 - Level 2.1(1.4) Throwing
 - Level 3.1(2.4) Dodging
 - Level 0.2(0.0) Stealth


You had 6 spell levels left.
You didn't know any spells.
Your spell library was empty.

Dungeon Overview and Level Annotations

Branches:
Dungeon (5/15)
 Temple: D:4-7

Altars:
Yredelemnul


Innate Abilities, Weirdness & Mutations

You cannot wear most types of armour.
You are very stealthy in the water. (Stealth+)
You are amphibious.
You can wear up to eight rings at the same time.
You can use your tentacles to constrict eight enemies at once.
Your skin changes colour to match your surroundings (Stealth+).
Your rubbery body absorbs attacks. (AC +1, EV +1)


Message History

The orc wizard points at you and mumbles some strange words.
The magic dart hits you! The orc barely misses you.
You riposte.
You closely miss the orc. You grab the orc. You hit the orc wizard.
The orc wizard is moderately wounded.
You constrict the orc wizard. You constrict the orc.
The orc wizard gestures at you while chanting.
The puff of frost misses you.
The orc hits you with a +0 mace of draining!
* * * LOW HITPOINT WARNING * * *
You feel drained.
You hit the orc wizard. You squeeze the orc wizard.
The orc wizard is almost dead.
You constrict the orc wizard.
You kill the orc wizard!
You constrict the orc.
The orc hits you with a +0 mace of draining!
* * * LOW HITPOINT WARNING * * *
You feel drained.
You die...

.# #. . ..####.. $. ..#.
... ..? ... #.# ....
###.####.# .....
.........
......####..####.#######
......)@...†............
'#...#o##.#.####.#######
#' #. #.#.# #.# .. #.#.#
#.# ... #.#.## #.# ....
#.#..# #.# ..... #.##.#
#÷# .....# #.##÷###.#
#..##.#####


You could see an orc.

Vanquished Creatures
  Edmund (D:4)
  An ogre (D:4)
  A scorpion (D:4)
  A howler monkey (D:4)
  A crimson imp (D:5)
  3 hounds
  2 orc wizards
  3 worker ants
  Robin (D:3)
  A gnoll (D:2)
  5 adders
  An adder skeleton (D:4)
  A worm (D:2)
  A dart slug (D:1)
  4 leopard geckos
  10 orcs
  A ball python (D:3)
  11 bats
  4 giant cockroaches
  12 goblins
  9 hobgoblins
  2 jackals (D:3)
  10 kobolds
  A quokka (D:3)
  A ball python skeleton (D:4)
  10 frilled lizards
  A leopard gecko skeleton (D:4)
  4 rats
103 creatures vanquished.

Notes
Turn   | Place    | Note
-------+----------+-------------------------------------------
     0 | D:1      | MisterFreud the Octopode Gladiator began the quest for the
                  | Orb.
     0 | D:1      | Reached XP level 1. HP: 14/14 MP: 1/1
   247 | D:1      | Reached XP level 2. HP: 19/19 MP: 2/2
   548 | D:1      | Reached XP level 3. HP: 25/25 MP: 3/3
  1619 | D:2      | Found a basalt altar of Yredelemnul.
  1636 | D:2      | Reached XP level 4. HP: 9/31 MP: 4/4
  2631 | D:3      | Reached skill level 4 in Long Blades
  2631 | D:3      | Reached XP level 5. HP: 22/37 MP: 5/5
  3448 | D:3      | Noticed Robin
  3469 | D:3      | Killed Robin
  3804 | D:4      | Reached skill level 5 in Long Blades
  3945 | D:4      | Reached XP level 6. HP: 29/43 MP: 6/6
  4069 | D:4      | Reached skill level 6 in Long Blades
  4374 | D:4      | Noticed Edmund
  4387 | D:4      | Killed Edmund
  4387 | D:4      | Reached skill level 7 in Long Blades
  4387 | D:4      | Reached XP level 7. HP: 5/48 MP: 7/7
  5225 | D:5      | Entered Level 5 of the Dungeon
  5309 | D:5      | Slain by an orc

Levels and vault maps discovered:
D:1:      psy_arrival_heroes, layout_basic, serial_forest,
          infiniplex_forest_pool, infiniplex_forest_clump_curved,
          infiniplex_forest_split, infiniplex_forest_lined_3,
          infiniplex_forest_clump_medium, infiniplex_forest_clump_curved,
          infiniplex_forest_lined_2
D:2:      layout_loops_ring, lemuel_crystal_altar, minmay_pentomino_q2
D:3:      layout_loops_ring, serial_aquarium, aquarium_bridge_long_separate
          [aquarium_subvault_bridge, aquarium_subvault_bridge,
          aquarium_subvault_wall, aquarium_subvault_bridge,
          aquarium_subvault_wall, aquarium_subvault_bridge], aquarium_window_1,
          aquarium_window_1, aquarium_window_corner, aquarium_view_2b,
          aquarium_pool_corner, eino_tiny_chamber, dk_vineyard_2,
          grunt_ministairs_1, uniq_robin
D:4:      layout_loops_cross, hex_medium, uniq_edmund
D:5:      layout_basic, first_ration

Skill      XL: |  1  2  3  4  5  6 |
---------------+-------------------+-----
Fighting       | 3 4 |  4.0
Long Blades    | 4 5 7 |  7.8
Throwing       | |  2.1
Dodging        | |  3.1
Stealth        | |  0.2

Action                   |  1- 3 |  4- 6 |  7- 9 || total
-------------------------+-------+-------+-------++-------
Melee: Long sword        |    53 |   117 |    30 ||   200
       Constrict         |    19 |    35 |     7 ||    61
       Tentacles         |    14 |    23 |     5 ||    42
Evoke: Wand              |       |     4 |       ||     4
  Use: Scroll            |     1 |       |       ||     1
 Stab: Sleeping          |     8 |     2 |     2 ||    12
  Eat: Chunk             |     2 |     9 |     3 ||    14
Armor: Skin              |     1 |     7 |     1 ||     9
Dodge: Dodged            |    49 |    87 |    16 ||   152
       Rpst.: Long sword |    18 |    18 |     3 ||    39

Table legend:
 A = Non-vault XP
 B = Vault XP
 C = Vault XP percentage of total XP
 D = Non-vault monster count
 E = Vault monster count
 F = Vault count percentage of total count
                 A         B        C        D         E       F
            +---------+---------+-------+---------+---------+-------
      Total |     798 |     208 |  20.7 |      90 |      13 |  12.6
            +---------+---------+-------+---------+---------+-------
        D:1 |      42 |       0 |   0.0 |      25 |       0 |   0.0
        D:2 |      59 |       2 |   3.3 |      13 |       2 |  13.3
        D:3 |     101 |      44 |  30.3 |      28 |      10 |  26.3
        D:4 |     423 |     162 |  27.7 |      17 |       1 |   5.6
        D:5 |     173 |       0 |   0.0 |       7 |       0 |   0.0
            +---------+---------+-------+---------+---------+-------
